 Dungeon Crawl Stone Soup version 0.29.1-12-g30fa7ad0bf (webtiles) character file.

Game seed: 7429083316327043160

1129 112233 the Conjurer (level 8, 0/54 HPs)
             Began as an Octopode Conjurer on Dec 18, 2022.
             Slain by an ice beast (4 damage)
             ... on level 7 of the Dungeon.
             The game lasted 00:04:35 (6907 turns).

112233 the Conjurer (Octopode Conjurer)             Turns: 6907, Time: 00:04:35

Health: 0/54       AC:  1    Str:  7    XL:     8   Next: 35%
Magic:  3/15       EV: 14    Int: 28    God:
Gold:   354        SH:  0    Dex: 10    Spells: 7/16 levels left

rFire   . . .      SeeInvis .   g - +0 short sword
rCold   . . .      Faith    .   (no shield)
rNeg    . . .      Spirit   .   (helmet restricted)
rPois   +          Reflect  .   (no amulet)
rElec   .          Harm     .   l - +6 ring of intelligence
rCorr   .          Rampage  .   i - ring of poison resistance
Will    .....                   (no ring)
Stlth   +++.......              (no ring)
HPRegen 0.18/turn               (no ring)
MPRegen 0.14/turn               (no ring)
                                (no ring)
                                (no ring)

@: very slightly contaminated
A: almost no armour, amphibious, 8 rings, camouflage 1, gelatinous body 1,
(nimble swimmer 1), tentacles
a: no special abilities


You were on level 7 of the Dungeon.
You visited 1 branch of the dungeon, and saw 7 of its levels.

You collected 354 gold pieces.

Inventory:

Hand Weapons
 g - a +0 short sword (weapon)
Armour
 k - a +0 buckler
Magical Staves
 e - a staff of poison
Jewellery
 i - a ring of poison resistance (right tentacle)
 l - a +6 ring of intelligence (left tentacle)
Wands
 f - a wand of roots (16)
 w - a wand of light (3)
 x - a wand of polymorph (12)
Scrolls
 b - 2 scrolls of teleportation {unknown}
 c - 2 scrolls of immolation {unknown}
 d - a scroll of silence {unknown}
 n - 7 scrolls of identify {unknown}
 o - 2 scrolls of noise {unknown}
 p - 2 scrolls of acquirement {unknown}
 q - 2 scrolls of blinking {unknown}
 s - 2 scrolls of magic mapping {unknown}
 t - a scroll of torment {unknown}
 u - a scroll of enchant weapon {unknown}
 y - a scroll of brand weapon {unknown}
Potions
 a - a potion of magic
 h - a potion of attraction {unknown}
 m - a potion of resistance
 r - 3 potions of heal wounds {unknown}
 v - 2 potions of mutation {unknown}


   Skills:
 + Level 4.0 Fighting
 + Level 4.4 Dodging
 - Level 2.8 Stealth
 + Level 3.7 Shields
 + Level 4.7 Spellcasting
 + Level 5.8 Conjurations


You had 7 spell levels left.
You knew the following spells:

 Your Spells              Type           Power      Damage    Failure   Level
a - Magic Dart            Conj           100%       1d8       1%          1
b - Stone Arrow           Conj/Erth      46%        3d9       6%          3
c - Dazzling Flash        Conj/Hex       46%        N/A       6%          3
d - Searing Ray           Conj           78%        2d7       1%          2

Your spell library contained the following spells:

 Spells                   Type           Power      Damage    Failure   Level
 Summon Small Mammal      Summ           24%        N/A       7%          1
 Ensorcelled Hibernation  Hex/Ice        12%        N/A       11%         2
 Call Canine Familiar     Summ           6%         N/A       21%         3
 Spider Form              Tmut/Pois      6%         N/A       21%         3
 Summon Guardian Golem    Hex/Summ       6%         N/A       21%         3
 Fulminant Prism          Conj/Hex       11%        3d9       21%         4
 Iskenderun's Mystic Bla  Conj/Tloc      23%        2d6       21%         4
 Anguish                  Hex/Necr       3%         N/A       56%         4
 Lehudib's Crystal Spear  Conj/Erth      11%        10d4      100%        8
 Animate Armour           Summ/Erth      Unusable   N/A       N/A         4

Dungeon Overview and Level Annotations

Branches:
Dungeon (7/15)
 Temple: D:4-7

Altars:
Fedhas

Annotations:
D:3 Natasha
D:4 3 runed translucent doors, raetorn's ghost, novice DjHW
D:6 exclusion: upstairs


Innate Abilities, Weirdness & Mutations

You cannot wear most types of armour.
You are amphibious.
You can wear up to eight rings at the same time.
Your skin changes colour to match your surroundings (Stealth+).
Your rubbery body absorbs attacks. (AC +1, EV +1)
((You are camouflaged when in or above water. (Stealth+)))
You have tentacles for arms and can constrict up to eight enemies at once.


Message History

Casting: Stone Arrow (dangerous; 6% risk of failure)
Confirm with . or Enter, or press ? or * to list all spells.
Aiming: Stone Arrow (dangerous; 6% risk of failure)
Press: ? - help, Shift-Dir - straight line, f/p - ice beast
Aim: an ice beast (lightly wounded, 71% to hit)
You miscast Stone Arrow.
You are caught in an explosion of flying shrapnel.
* * * LOW HITPOINT WARNING * * *
The ice beast hits you.
* * * LOW HITPOINT WARNING * * *
The ice beast freezes you!
* * * LOW HITPOINT WARNING * * *
Okay, then.
Okay, then.
Okay, then.
Casting: Stone Arrow (dangerous; 6% risk of failure)
Confirm with . or Enter, or press ? or * to list all spells.
Aiming: Stone Arrow (dangerous; 6% risk of failure)
Press: ? - help, Shift-Dir - straight line, f/p - ice beast
Aim: an ice beast (lightly wounded, 71% to hit)
The stone arrow hits the ice beast!
The ice beast is heavily wounded.
The ice beast misses you.
Unknown command.
Casting: Stone Arrow (dangerous; 6% risk of failure)
Confirm with . or Enter, or press ? or * to list all spells.
Aiming: Stone Arrow (dangerous; 6% risk of failure)
Press: ? - help, Shift-Dir - straight line, f/p - ice beast
Aim: an ice beast (heavily wounded, 71% to hit)
The stone arrow hits the ice beast!
The ice beast is almost dead.
The ice beast closely misses you.
Unknown command.
Casting: Stone Arrow (dangerous; 6% risk of failure)
Confirm with . or Enter, or press ? or * to list all spells.
Aiming: Stone Arrow (dangerous; 6% risk of failure)
Press: ? - help, Shift-Dir - straight line, f/p - ice beast
Aim: an ice beast (almost dead, 71% to hit)
The stone arrow misses the ice beast.
The ice beast hits you.
You die...

# .##.. ######......
.... #..@Yh..#
....... #.###...#
....... #.#.....#
....... ##.#.....#
....... #........#
....)..####..#>....#
...................#
......)).##...#....#
........)##...#....#


You could see a black bear and an ice beast.

Vanquished Creatures
  Menkaure (D:5)
  A black bear (D:6)
  An ogre (D:5)
  A centaur (D:6)
  A phantom (D:5)
  A necrophage (D:4)
  3 scorpions
  A jelly (D:6)
  3 hounds
  2 iguanas (D:5)
  3 orc wizards
  8 adders
  A shadow imp (D:6)
  2 white imps
  3 ufetubi
  A worm (D:2)
  2 dart slugs (D:1)
  10 orcs
  2 endoplasms (D:1)
  7 giant cockroaches
  5 goblins
  7 hobgoblins
  4 jackals (D:1)
  8 kobolds
  2 quokkas
  7 ball pythons
  9 bats
  3 frilled lizards
  7 rats
106 creatures vanquished.

Vanquished Creatures (others)
  A fungus (D:1)
  8 plants (D:5)
9 creatures vanquished.

Grand Total: 115 creatures vanquished

Notes
Turn   | Place    | Note
-------+----------+-------------------------------------------
     0 | D:1      | 112233 the Octopode Conjurer began the quest for the Orb.
     0 | D:1      | Reached XP level 1. HP: 11/11 MP: 3/3
   179 | D:1      | Reached XP level 2. HP: 17/17 MP: 1/5
   643 | D:1      | Learned a level 2 spell: Searing Ray
  1016 | D:1      | Reached XP level 3. HP: 22/22 MP: 5/7
  1397 | D:1      | Found a faded altar of an unknown god.
  1672 | D:1      | Reached skill level 1 in Fighting
  2134 | D:2      | Reached XP level 4. HP: 28/28 MP: 3/8
  3099 | D:3      | Found a blossoming altar of Fedhas.
  3228 | D:3      | Reached XP level 5. HP: 34/34 MP: 7/9
  3374 | D:3      | Noticed Natasha
  3498 | D:4      | Reached skill level 1 in Shields
  3800 | D:4      | Found a runed translucent gate.
  3800 | D:4      | Found a runed translucent gate.
  3801 | D:4      | Found a runed translucent gate.
  3801 | D:4      | Noticed raetorn's ghost (novice DjHW)
  3995 | D:4      | Learned a level 3 spell: Dazzling Flash
  4467 | D:5      | Entered Level 5 of the Dungeon
  4477 | D:5      | Reached XP level 6. HP: 39/39 MP: 2/11
  4939 | D:5      | Reached skill level 5 in Conjurations
  4939 | D:5      | Reached XP level 7. HP: 18/45 MP: 3/12
  5843 | D:5      | Noticed Menkaure
  6079 | D:5      | Learned a level 3 spell: Stone Arrow
  6091 | D:5      | Killed Menkaure
  6092 | D:5      | Reached XP level 8. HP: 53/53 MP: 4/14
  6907 | D:7      | Slain by an ice beast

Illustrated notes

Levels and vault maps discovered:
D:1:      spicycebolla_arrival_clurvy, layout_basic, serial_forest,
          infiniplex_forest_end_2, infiniplex_forest_straight_2,
          infiniplex_forest_zigzag_2, infiniplex_forest_corner_1,
          infiniplex_forest_lined_4_way, infiniplex_forest_clump_double,
          shapermc_ecumenical_altar_ellora
D:2:      layout_rooms
D:3:      layout_rooms, fedhas_altar_3, minmay_stone_trees_large,
          dilly_guarded_unrand_morg
D:4:      layout_basic, ebering_ghost_rock_garden, uniq_natasha
D:5:      nicolae_cairo_tiling, layout_rooms, mainiacjoe_overflow_boulevard,
          uniq_menkaure
D:6:      layout_basic, serial_shops, nicolae_square_shop
D:7:      layout_basic, temple_green

Skill      XL: |  1  2  3  4  5  6  7  8 |
---------------+-------------------------+-----
Spellcasting   | 3 4 |  4.7
Fighting       | 1 2 3 4 |  4.0
Shields        | 1 2 3 |  3.7
Dodging        | 3 4 |  4.4
Conjurations   | 5 |  5.8
Stealth        | |  2.8

Action                   |  1- 3 |  4- 6 |  7- 9 || total
-------------------------+-------+-------+-------++-------
Melee: Unarmed           |    10 |       |       ||    10
       Tentacles         |     9 |     1 |     4 ||    14
       Constrict         |     5 |     1 |     4 ||    10
       Short sword       |     6 |     2 |    12 ||    20
       Punch             |       |     1 |     2 ||     3
 Cast: Magic Dart        |    91 |    94 |    25 ||   210
       Searing Ray       |       |     6 |    15 ||    21
       Stone Arrow       |       |       |    23 ||    23
Evoke: Wand              |       |       |     3 ||     3
  Use: Potion            |       |       |     9 ||     9
 Stab: Sleeping          |       |       |     2 ||     2
Armor: Skin              |     1 |     2 |     1 ||     4
Dodge: Dodged            |    15 |     9 |    33 ||    57
